 Dungeon Crawl Stone Soup version 0.19-a0-1827-g174f941 (webtiles) character file.

21060 4thArraOfDagon the Grappler (level 12, -1/113 HPs)
             Began as a Troll Transmuter on Oct 7, 2016.
             Was a High Priest of Okawaru.
             Slain by a red ugly thing (7 damage)
             ... on level 12 of the Dungeon.
             The game lasted 00:20:34 (3110 turns).

4thArraOfDagon the Grappler (Troll Transmuter)      Turns: 3110, Time: 00:20:34

Health: -1/113     AC: 13    Str: 23    XL:     12   Next: 50%
Magic:  15/17      EV: 14    Int: 16    God:    Okawaru [*****.]
Gold:   554        SH:  0    Dex: 10    Spells: 1 memorised, 15 levels left

rFire  + . .     SeeInvis .       - Unarmed
rCold  + . .     Gourm    +     x - +0 troll leather armour "Sepsavan" {MR+ Regen+ rCorr Int+3}
rNeg   . . .     Faith    .     (no shield)
rPois  .         Spirit   .     f - +2 hat
rElec  .         Dismiss  .     q - +0 cloak (curse)
rCorr  +         Reflect  .     (gloves unavailable)
MR     +....     Harm     .     (boots unavailable)
Stlth  +++.......               r - amulet of rage
                                (no ring)
                                y - ring of stealth

@: heroism
A: unfitting armour, claws 3, icy blue scales 1, cold resistance 1, fire
resistance 1, fast metabolism 3, gourmand, regeneration 1, shaggy fur 1, strong
1, tough skin 2
a: Heroism, Finesse, Renounce Religion, Evoke Berserk Rage


You were on level 12 of the Dungeon.
You worshipped Okawaru.
Okawaru was extremely pleased with you.
You were very full.

You visited 1 branch of the dungeon, and saw 12 of its levels.
You also visited: Ice Cave.

You collected 554 gold pieces.

Inventory:

Hand Weapons
 l - a +0 blowgun
 z - the +6 double sword of Sewij {drain, rPois rN++ Dex+3 Stlth-, unknown}
   (You found it in an ice cave)

   A truly terrible weapon, it drains the life of those it strikes.
   It affects your dexterity (+3).
   It protects you from poison.
   It greatly protects you from negative energy.
   It makes you less stealthy.
Missiles
 m - 7 curare-tipped needles
Armour
 f - a +2 hat (worn)
 k - a troll hide
 q - a cursed +0 cloak (worn)
 s - the +1 robe of Zalynn {+Fly rF+}
   (Okawaru gifted it to you on level 10 of the Dungeon)

   It protects you from fire.
   It lets you fly.
 x - the +0 troll leather armour "Sepsavan" (worn) {MR+ Regen+ rCorr Int+3}
   (Okawaru gifted it to you in an ice cave)

   It affects your intelligence (+3).
   It affects your resistance to hostile enchantments.
   It increases your rate of regeneration.
   It protects you from acid and corrosion.
Jewellery
 r - an amulet of rage (around neck)
 y - a ring of stealth (left claw)
Wands
 g - a wand of random effects (30/48)
 h - a wand of polymorph (0/24)
 j - a wand of digging (5/24)
 t - a wand of acid (5/15)
 v - a wand of digging (20/24)
Scrolls
 p - 4 scrolls of recharging
Potions
 a - a potion of flight {unknown}
 b - a potion of agility
 e - 2 potions of heal wounds {unknown}
 n - a potion of invisibility {unknown}
 o - a potion of curing
 u - a potion of degeneration {unknown}
 w - a potion of berserk rage {unknown}
Books
 c - a book of Changes

   Spells                             Type                      Level
   a - Beastly Appendage              Transmutation                1
   b - Sticks to Snakes               Transmutation                2
   c - Spider Form                    Transmutation/Poison         3
   d - Ice Form                       Ice/Transmutation            4
   e - Blade Hands                    Transmutation                5
Comestibles
 d - 5 bread rations
 i - 5 meat rations


   Skills:
 + Level 5.8(10.8) Fighting
 + Level 5.6(10.6) Dodging
 * Level 12.1(17.1) Unarmed Combat
 + Level 4.6 Spellcasting
 * Level 7.6 Transmutations
 + Level 6.2 Invocations
 - Level 3.3 Evocations


You had 15 spell levels left.
You knew the following spells:

 Your Spells              Type           Power        Failure   Level  Hunger
b - Blade Hands           Tmut           ####......   24%         5    ######.


Dungeon Overview and Level Annotations

Branches:
Dungeon (12/15)            Temple (0/1) D:5            Lair (0/6) D:11
    Orc: D:9-12

Altars:
Ashenzari
Kikubaaqudgha
Nemelex Xobeh
Okawaru
Zin

Annotations:
D:3 Ijyb, Natasha


Innate Abilities, Weirdness & Mutations

You are too large for most types of armour.
You have claws for hands.
Your metabolism is lightning-fast.
You like to eat raw meat.
Your natural rate of healing is unusually fast.
You are covered in fur. (AC +1)
You have very tough skin. (AC +2)
You are partially covered in icy blue scales. (AC +2)
Your flesh is cold resistant. (rC+)
Your flesh is heat resistant. (rF+)
Your muscles are strong. (Str +2)


Message History

The red ugly thing claws you!
You are engulfed in flames.
You resist.
Unknown command.
You claw the red ugly thing!
The red ugly thing is heavily wounded.
The red ugly thing claws you!
* * * LOW HITPOINT WARNING * * *
You are engulfed in flames!
You resist.
* * * LOW HITPOINT WARNING * * *
Unknown command.
You gain the combat prowess of a mighty hero.
The red ugly thing claws you!
* * * LOW HITPOINT WARNING * * *
You are engulfed in flames!
You resist.
* * * LOW HITPOINT WARNING * * *
Unknown command.
Unknown command.
You scratch the red ugly thing.
The red ugly thing is heavily wounded.
The red ugly thing claws you!
You die...

#............
##..........#
#...........
#.(........#
######...†......#
##.....#........##
##...............#
#.................#
#..@..............#
#.u......>.........
#..................
#.................
#................
#...............
#.........##
#.........#


You could see a red ugly thing.

Vanquished Creatures
  Gastronok (D:9)
  A frost giant (IceCv)
  Snorg (D:10)
  2 hill giants
  2 ugly things
  A manticore (D:12)
  Maurice (D:10)
  Joseph (D:7)
  2 centaur zombies (D:11)
  An ice statue (IceCv)
  A spiny frog (D:10)
  A kobold demonologist (D:11)
  A rime drake (IceCv)
  A troll (D:9)
  17 polar bears (IceCv)
  A hornet (D:11)
  28 yaks
  A basilisk (D:11)
  2 hungry ghosts
  6 porcupines (D:11)
  A water moccasin (D:10)
  An orc warrior (D:10)
  A black bear (D:7)
  An ice beast (D:10)
  3 ogres
  2 necrophages
  3 phantoms
  9 wolves (IceCv)
  2 crocodiles (D:11)
  A big kobold (D:7)
  3 bullfrogs
  A wyvern zombie (D:7)
  3 scorpions
  2 killer bees (D:9)
  10 wights
  4 crimson imps
  A jelly (D:5)
  A quasit (D:10)
  3 hounds
  A centaur skeleton (D:8)
  A bullfrog skeleton (D:12)
  Jessica (D:3)
  9 iguanas (D:11)
  3 orc wizards
  6 worker ants
  A killer bee zombie (D:10)
  A gnoll (D:1)
  A howler monkey skeleton (D:9)
  2 adders
  5 river rats (D:11)
  A shadow imp (D:6)
  An adder skeleton (D:8)
  4 leopard geckos
  9 orcs
  A hobgoblin (D:1)
  18 jackals
  3 kobolds (D:7)
  A quokka (D:11)
  A ball python (D:4)
  A frilled lizard (D:3)
  A giant cockroach zombie (D:6)
  A quokka skeleton (D:4)
  2 rats
199 creatures vanquished.

Vanquished Creatures (others)
  A rime drake (IceCv)
  3 plants (D:11)
4 creatures vanquished.

Grand Total: 203 creatures vanquished

Notes
Turn   | Place    | Note
-------+----------+-------------------------------------------
     0 | D:1      | 4thArraOfDagon the Troll Transmuter began the quest for the Orb.
     0 | D:1      | Reached XP level 1. HP: 18/18 MP: 1/1
    81 | D:1      | Reached XP level 2. HP: 19/26 MP: 2/2
   110 | D:2      | Found a sparkling altar of Nemelex Xobeh.
   129 | D:3      | Reached skill level 4 in Unarmed Combat
   148 | D:3      | Noticed an orc warrior
   165 | D:3      | Noticed Ijyb
   166 | D:3      | Noticed Jessica
   171 | D:3      | Noticed Natasha
   177 | D:3      | Killed Jessica
   177 | D:3      | Reached XP level 3. HP: 18/32 MP: 3/3
   308 | D:4      | Reached skill level 5 in Unarmed Combat
   308 | D:4      | Reached XP level 4. HP: 35/40 MP: 1/4
   370 | D:4      | You fall through a shaft for 2 floors!
   370 | D:6      | Noticed a phantom
   431 | D:6      | Killed a phantom
   431 | D:6      | Reached skill level 6 in Unarmed Combat
   431 | D:6      | Reached XP level 5. HP: 22/46 MP: 0/5
   442 | D:6      | Noticed an ogre
   452 | D:6      | Killed an ogre
   452 | D:6      | Reached XP level 6. HP: 19/54 MP: 2/6
   478 | D:6      | Found an iron altar of Okawaru.
   479 | D:6      | Found an ancient bone altar of Kikubaaqudgha.
   483 | D:6      | Became a worshipper of Warmaster Okawaru
   512 | D:6      | Reached skill level 7 in Unarmed Combat
   569 | D:7      | Noticed a hungry ghost
   582 | D:7      | Reached skill level 1 in Fighting
   587 | D:7      | Killed a hungry ghost
   587 | D:7      | Reached XP level 7. HP: 44/62 MP: 6/8
   620 | D:7      | Noticed Joseph
   641 | D:7      | Gained mutation: You are partially covered in icy blue scales. (AC +2) [potion of mutation]
   641 | D:7      | Gained mutation: Your muscles are strong. (Str +2) [potion of mutation]
   641 | D:7      | Gained mutation: Your flesh is cold resistant. (rC+) [potion of mutation]
   644 | D:7      | Reached * piety under Okawaru
   644 | D:7      | Reached skill level 1 in Invocations
   708 | D:7      | Killed Joseph
   708 | D:7      | Reached XP level 8. HP: 32/72 MP: 7/10
   761 | D:7      | Learned a level 5 spell: Blade Hands
   857 | D:6      | Reached skill level 8 in Unarmed Combat
   879 | D:6      | Reached ** piety under Okawaru
   952 | D:5      | Entered Level 5 of the Dungeon
   958 | D:5      | Found a staircase to the Ecumenical Temple.
  1214 | D:9      | Noticed a troll
  1220 | D:9      | Killed a troll
  1250 | D:8      | Found a glowing silver altar of Zin.
  1316 | D:9      | Found a shattered altar of Ashenzari.
  1328 | D:9      | Reached XP level 9. HP: 78/80 MP: 8/11
  1347 | D:9      | Noticed Gastronok
  1376 | D:9      | Killed Gastronok
  1376 | D:9      | Reached *** piety under Okawaru
  1376 | D:9      | Reached **** piety under Okawaru
  1376 | D:9      | Reached skill level 9 in Unarmed Combat
  1428 | D:9      | Noticed a purple ugly thing
  1434 | D:9      | Killed a purple ugly thing
  1434 | D:9      | Reached skill level 5 in Transmutations
  1434 | D:9      | Reached XP level 10. HP: 78/92 MP: 10/13
  1449 | D:9      | Found a glowing silver altar of Zin.
  1494 | D:10     | Entered Level 10 of the Dungeon
  1494 | D:10     | Noticed Snorg
  1500 | D:10     | Noticed Sonja
  1538 | D:10     | Killed Snorg
  1538 | D:10     | Reached ***** piety under Okawaru
  1538 | D:10     | Reached skill level 10 in Unarmed Combat
  1632 | D:10     | Noticed Sonja
  1632 | D:10     | Sonja changed into Sonja the spiny frog
  1637 | D:10     | Killed Sonja the spiny frog
  1640 | D:10     | HP: 3/92 [yak (15)]
  1646 | D:10     | HP: 1/93 [yak (5)]
  1792 | D:10     | Noticed Maurice
  1814 | D:10     | Killed Maurice
  1876 | D:10     | Noticed a hill giant
  1883 | D:10     | Killed a hill giant
  1883 | D:10     | Received a gift from Okawaru
  1884 | D:10     | Got a colourful robe {god gift}
  1897 | D:10     | Identified the +1 robe of Zalynn {+Fly rF+} (Okawaru gifted it to you on level 10 of the Dungeon)
  2053 | D:11     | Reached XP level 11. HP: 101/101 MP: 15/15
  2088 | D:11     | Reached skill level 1 in Evocations
  2168 | D:11     | Reached skill level 5 in Invocations
  2240 | D:11     | Reached skill level 5 in Dodging
  2244 | D:11     | Reached skill level 11 in Unarmed Combat
  2289 | D:11     | Found a staircase to the Lair.
  2386 | D:11     | Noticed a hill giant
  2391 | D:11     | Killed a hill giant
  2391 | D:11     | Reached skill level 5 in Fighting
  2453 | D:12     | Found a frozen archway.
  2465 | IceCv    | Entered an ice cave
  2535 | IceCv    | Identified the Volume of the Lethal Birds
  2772 | IceCv    | Received a gift from Okawaru
  2772 | IceCv    | Reached XP level 12. HP: 111/111 MP: 14/17
  2773 | IceCv    | Got a dazzling troll leather armour {god gift}
  2795 | IceCv    | Identified the +0 troll leather armour "Sepsavan" {MR+ Regen+ rCorr Int+3} (Okawaru gifted it to you in an ice cave)
  2899 | IceCv    | jacquesderrida: Dagang in search of itans
  2929 | IceCv    | Noticed a frost giant
  2971 | IceCv    | Killed a frost giant
  2973 | IceCv    | Reached skill level 12 in Unarmed Combat
  3022 | IceCv    | jacquesderrida: waw...
  3026 | IceCv    | Got a translucent double sword
  3044 | D:12     | 4thArraOfDagon: :D
  3077 | D:12     | jacquesderrida: +21 doubler
  3099 | D:12     | Gained mutation: Your flesh is heat resistant. (rF+) [mutagenic meat]
  3105 | D:12     | jacquesderrida: Deng........
  3109 | D:12     | HP: 5/113 [red ugly thing (9)]
  3110 | D:12     | Slain by a red ugly thing

Vault maps used:
D:1:      lightli_arrival_farm, minmay_pentomino_r4
D:2:      nemelex_xobeh_ov_fountains_minmay, lemuel_coloured_pillars_altar,
          first_bread, minmay_misc_feat_tiny, serial_bayou_pond_e,
          minmay_guardbox
D:3:      uniq_iyjb, uniq_natasha, uniq_jessica, uniq_robin
D:4:      grunt_temple_overflow_lords_of_destruction,
          nicolae_gozag_zags_fifth_avenue
D:6:      gammafunk_temple_overflow_statue
D:7:      uniq_joseph
D:8:      grunt_temple_overflow_holy_war, serial_shops,
          nicolae_shop_overgrown_old_shop, hangedman_pestilent_swarm,
          lemuel_tele_altar, uniq_grum
D:9:      zin_academy, ashenzari_altar_1, grunt_decor_arrowhead, uniq_gastronok
D:10:     nicolae_underground_beach, uniq_sonja, uniq_snorg, uniq_maurice
D:11:     minmay_lair_entry_grove, minmay_orc_entry_temple_small, st_stairs_4
D:12:     portal_ice_cave_entry_pillars_1
IceCv:    ice_cave_caverns_03

Skill      XL: |  1  2  3  4  5  6  7  8  9 10 11 12 |
---------------+-------------------------------------+-----
Unarmed Combat | 4 5 6 7 8 9 10 11 12 | 12.1
Fighting       | 1 2 3 4 5 |  5.8
Transmutations | 2 3 5 6 7 |  7.6
Invocations    | 1 2 3 4 5 6 |  6.2
Dodging        | 2 3 4 5 |  5.6
Spellcasting   | 2 3 4 |  4.6
Evocations     | 3 |  3.3

Action                   |  1- 3 |  4- 6 |  7- 9 | 10-12 || total
-------------------------+-------+-------+-------+-------++-------
Melee: Unarmed           |    64 |    72 |   141 |   526 ||   803
       Punch             |     1 |     2 |     9 |    44 ||    56
       Kick              |     1 |     7 |     3 |       ||    11
       Headbutt          |       |     1 |     4 |       ||     5
 Cast: Beastly Appendage |     2 |     7 |     3 |       ||    12
Invok: Heroism           |       |       |     9 |    29 ||    38
       Finesse           |       |       |       |     2 ||     2
Evoke: Wand              |       |       |     5 |     5 ||    10
  Use: Scroll            |     1 |       |     3 |     5 ||     9
       Potion            |       |       |     2 |       ||     2
 Stab: Sleeping          |       |       |     1 |       ||     1
  Eat: Chunk             |     7 |     1 |    15 |    16 ||    39
Armor: Robe              |    14 |    12 |    32 |       ||    58
       Troll hide        |       |       |     5 |    86 ||    91
       Troll leather arm |       |       |       |    40 ||    40
Dodge: Dodged            |    34 |    31 |    80 |   227 ||   372
